 Dungeon Crawl Stone Soup version 0.24.0-37-gcf1ca852f1 (webtiles) character file.

Game seed: 5160097912126628427, levelgen mode: deterministic

1 sankara the Grasshopper (level 1, -3/14 HPs)
             Began as a Halfling Warper on Nov 30, 2019.
             Slain by a hobgoblin (4 damage)
             ... on level 1 of the Dungeon.
             The game lasted 00:00:58 (209 turns).

sankara the Grasshopper (Halfling Warper)            Turns: 209, Time: 00:00:58

Health: -3/14      AC:  3    Str: 12    XL:     1   Next: 22%
Magic:  3/3        EV: 14    Int: 11    God:
Gold:   0          SH:  0    Dex: 13    Spells: 3/3 levels left

rFire    . . .     SeeInvis .   a - +0 short sword
rCold    . . .     Gourm    .   (shield restricted)
rNeg     . . .     Faith    .   b - +0 leather armour
rPois    .         Spirit   .   (no helmet)
rElec    .         Reflect  .   (no cloak)
rCorr    .         Harm     .   (no gloves)
MR       .....                  (no boots)
Stlth    +.........             (no amulet)
HPRegen  0.04/turn              (no ring)
MPRegen  0.08/turn              (no ring)

@: no status effects
A: small, mutation resistance 1
a: no special abilities


You were on level 1 of the Dungeon.
You were not hungry.

You visited 1 branch of the dungeon, and saw 1 of its levels.

Inventory:

Hand Weapons
 a - a +0 short sword (weapon)
Missiles
 e - 5 boomerangs of dispersal (quivered)
Armour
 b - a +0 leather armour (worn)
Scrolls
 c - a scroll of identify {unknown}
 d - a scroll of blinking
 h - a scroll of immolation {unknown}
Potions
 g - 2 potions of invisibility {unknown}
Comestibles
 f - a ration


   Skills:
 - Level 1.7 Fighting
 * Level 2.5 Short Blades
 - Level 1.0 Throwing
 - Level 1.1 Armour
 + Level 2.2 Dodging
 - Level 1.5 Spellcasting
   Level 3.2 Translocations


You had 3 spell levels left.
You didn't know any spells.
Your spell library contained the following spells:

 Spells                   Type           Power        Failure   Level  Hunger
 Blink                    Tloc           N/A          16%         2    ###....
 Shroud of Golubria       Chrm/Tloc      #.....       30%         2    ###....
 Gell's Gravitas          Tloc           #.........   30%         3    ####...
 Lesser Beckoning         Tloc           #.........   30%         3    ####...
 Teleport Other           Tloc           #.......     30%         3    ####...
 Passage of Golubria      Tloc           N/A          69%         4    #####..


Dungeon Overview and Level Annotations

Branches:
Dungeon (1/15)

Altars:


Innate Abilities, Weirdness & Mutations

You are small and have problems with some larger weapons.
You are somewhat resistant to further mutation.


Message History

You barely miss the goblin. The goblin hits you.
You closely miss the goblin. The goblin hits you.
You are too injured to fight recklessly!
The hobgoblin hits you but does no damage.
A bat comes into view.
The bat moves out of view.
You hit the goblin.
The goblin is moderately wounded.
The goblin closely misses you.
You hit the goblin.
You kill the goblin!
You hit the hobgoblin but do no damage. You barely miss the hobgoblin.
The hobgoblin closely misses you.
You closely miss the hobgoblin. The hobgoblin hits you.
* * * LOW HITPOINT WARNING * * *
You closely miss the hobgoblin. The hobgoblin misses you.
You closely miss the hobgoblin. The hobgoblin hits you.
* * * LOW HITPOINT WARNING * * *
You barely miss the hobgoblin. The hobgoblin hits you.
You die...

#.....#.###≈≈≈≈≈≈......#
#.....#.#≈≈≈........##.#
#.....#.####...#######.≈
#.....#.####...#######.≈
#..>..................≈≈
###.#..##.##.....#.####≈
#.....#.###....# ##
#######..#.# ###### #
#.....##@#.# #
+.....##g#.#
#.......r..#
.!.........###
≈........#(.# ###
.........##.# #≈#
.......... ... #≈#
....^..#####..# #≈≈
....... ..# #≈≈


You could see a hobgoblin and a rat.

Vanquished Creatures
  A goblin (D:1)
1 creature vanquished.

Notes
Turn   | Place    | Note
-------+----------+-------------------------------------------
     0 | D:1      | sankara the Halfling Warper began the quest for the Orb.
     0 | D:1      | Reached XP level 1. HP: 14/14 MP: 3/3
   209 | D:1      | Slain by a hobgoblin

Levels and vault maps discovered:
D:1:      minmay_arrival_plants_in_alcoves, layout_basic, serial_rivers,
          chequers_serial_rivers_large_b, chequers_serial_rivers_marsh,
          chequers_serial_rivers_small_a, chequers_serial_rivers_small_b,
          chequers_serial_rivers_large_a, grunt_decor_arrowhead,
          minmay_misc_feat_pillars

Action                   || total
-------------------------++-------
Melee: Short sword       ||    11
Armor: Leather armour    ||     2
Dodge: Dodged            ||     3
